[Event "Early-Titled-Tuesday-Blitz-April-23-2024"]
[Site "Chess.com"]
[Date "2024.04.23"]
[Round "7"]
[White "KetiTsatsalashvili"]
[Black "PolandHussars"]
[Result "1/2-1/2"]
[WhiteElo "2429"]
[BlackElo "2581"]
[TimeControl "180+1"]
[EndTime "9:20:15 PDT"]
[Termination "Game drawn by repetition"]

1. d4 Nf6 2. Nf3 c5 3. d5 e6 4.
c3 exd5 5. Bg5 Be7 6. g3 Qb6 7. b3 d6 8. Bg2 Be6 9. O-O Nc6 10.
Re1 O-O 11. Nbd2 h6 12. Bxf6 Bxf6 13. Rc1 Rad8 14. Nf1 d4 15. cxd4 Nxd4 16. Nxd4 Bxd4 17. e3 Be5 18. Qc2 Rfe8 19. Nd2 Qa6 20. Nc4 Bf6 21. a4 d5 22. Na3 b6 23. Nb5 Qb7 24.
Rcd1 Qe7 25. Nc3 d4 26. exd4 Bxd4 27. Nd5 Qd7 28. Nf4 Bf5 29. Qc4 Rxe1+ 30. Rxe1 Bf6 31. Nd5 Qd6 32. Qb5 Bd7 33. Qa6 Bc6 34. Nxf6+ Qxf6 35. Bxc6 Qxc6 36. Qxa7 Qf6 37. Qc7 Rd2 38. Rf1 Rb2 39. a5 bxa5 40. Qxc5 g6 41. Qxa5 Rxb3 42. Qa8+ Kg7 43. Qd5 Rf3 44. Kg2 Rf5 45. Qe4 h5 46. h4 Re5 47. Qf3 Qxf3+ 48. Kxf3 Rf5+ 49. Ke3 Re5+ 50. Kf3 Rf5+ 51. Ke3 Re5+ 52. Kf3 1/2-1/2

[Event "Early-Titled-Tuesday-Blitz-April-23-2024"]
[Site "Chess.com"]
[Date "2024.04.23"]
[Round "7"]
[White "Likvidator228"]
[Black "Heinza9"]
[Result "1-0"]
[WhiteElo "2504"]
[BlackElo "2315"]
[TimeControl "180+1"]
[EndTime "9:20:15 PDT"]
[Termination "Likvidator228 won by resignation"]

1. c4 f5 2. Nc3 Nf6 3. g3 g6 4.
Bg2 Bg7 5. Nf3 O-O 6. O-O d6 7.
d3 e5 8. Rb1 a5 9. a3 Nc6 10.
b4 axb4 11. axb4 h6 12. b5 Na5 13. Bb2 g5 14. Nd2 c6 15. Ra1 Be6 16. Nb3 d5 17. bxc6 bxc6 18. Nxa5 Rxa5 19. cxd5 cxd5 20. Qb3 Bf7 21.
Rxa5 Qxa5 22. Ra1 Qd8 23. Nb5 d4 24. Qb4 Nd5 25. Qd6 Nc3 26. Qxd8 Rxd8 27. Nxc3 dxc3 28. Bxc3 Kh7 29. h3 Kg6 30. g4 fxg4 31. hxg4 Be6 32. Ra6 Kf7 33. Bf3 Rc8 34. Ra7+ Kf6 35. Bxe5+ Kxe5 36. Rxg7 Kf6 37. Rh7 Ke5 38. Rxh6 Rc2 39. Kg2 Bf7 40. Rh7 Kf6 41. Rh8 Be6 42. Ra8 Rb2 43.
Ra6 Ke5 44. d4+ 1-0

[Event "Early-Titled-Tuesday-Blitz-April-23-2024"]
[Site "Chess.com"]
[Date "2024.04.23"]
[Round "7"]
[White "Abund"]
[Black "h4parah5"]
[Result "0-1"]
[WhiteElo "2804"]
[BlackElo "3026"]
[TimeControl "180+1"]
[EndTime "9:20:16 PDT"]
[Termination "h4parah5 won by resignation"]

1. e4 c5 2. Nf3 Nc6 3. Bb5 e6 4. O-O Nge7 5. Re1 a6 6. Bf1 d5 7. exd5 Nxd5 8. d4 Nf6 9. Be3 cxd4 10. Nxd4 Bd7 11. c4 Qc7 12. Nc3 Bd6 13. h3 O-O 14. a3 Rad8 15. Qc2 Bh2+ 16. Kh1 Bf4 17. Nf3 Bxe3 18. Rxe3 Bc8 19. b4 b6 20. Bd3 a5 21.
Ne4 Nxe4 22. Bxe4 h6 23. c5 Nd4 24. Nxd4 Rxd4 25. Rc3 axb4 26. axb4 Qe5 27. Bh7+ Kh8 28. cxb6 Bb7 29. Ra7 Qd5 30. f3 Rd1+ 31. Kh2 Qd6+ 32. f4 Qxf4+ 33. Rg3 Rd2 34. Rxb7 Rxc2 35.
Bxc2 Qxb4 36. Rg4 Qd6+ 37. Kh1 Qc6 38. Be4 Qc1+ 39. Kh2 h5 40. Rg3 Qf4 41. Bf3 h4 42. Rxf7 Qxg3+ 43. Kg1 Rxf7 0-1

[Event "Early-Titled-Tuesday-Blitz-April-23-2024"]
[Site "Chess.com"]
[Date "2024.04.23"]
[Round "7"]
[White "NigiriSushies"]
[Black "mapleaff"]
[Result "1-0"]
[WhiteElo "2441"]
[BlackElo "2267"]
[TimeControl "180+1"]
[EndTime "9:20:16 PDT"]
[Termination "NigiriSushies won by resignation"]

1. Nf3 Nf6 2. b3 g6 3. Bb2 Bg7 4. g3 b6 5. Bg2 Bb7 6. O-O O-O 7. d3 d6 8. Nbd2 Nbd7 9. Re1 e5 10. e4 Nc5 11.
Nf1 Ne6 12. h3 Nd7 13. Kh2 f5 14. exf5 gxf5 15. Nh4 Bxg2 16. Nxg2 f4 17. Qg4 Qf6 18. Nd2 Qg6 19. gxf4 Qxg4 20. hxg4 Nxf4 21. Ne4 Nf6 22. Nxf4 Nxg4+ 23. Kg3 Rxf4 24. Bc1 h5 25. Bxf4 exf4+ 26. Kxf4 Rf8+ 27. Kg3 Bxa1 28. Rxa1 Ne5 29. Rh1 Rf5 30. Rxh5 Rxh5 31. Nf6+ Kf7 32. Nxh5 Nc6 33. c3 b5 34. Nf4 Ke7 35. Nd5+ Kd7 36. f4 Nd8 37. b4 c6 38. Nf6+ Ke6 39. Ne4 Nf7 40. Ng5+ Nxg5 41. fxg5 Kf5 42. Kh4 Kg6 43. Kg4 c5 44. d4 c4 45. d5 a6 46. a3 Kg7 47. Kf5 Kf7 48.
g6+ Ke7 49. g7 1-0

[Event "Early-Titled-Tuesday-Blitz-April-23-2024"]
[Site "Chess.com"]
[Date "2024.04.23"]
[Round "7"]
[White "BardArtem"]
[Black "SirStrateg"]
[Result "1/2-1/2"]
[WhiteElo "2851"]
[BlackElo "2683"]
[TimeControl "180+1"]
[EndTime "9:20:18 PDT"]
[Termination "Game drawn - insufficient material"]

1. e4 d6 2. d4 Nf6 3. Bd3 e5 4. c3 Nc6 5. Nf3 Bg4 6. d5 Nb8 7. Nbd2 Be7 8. h3 Bxf3 9. Nxf3 O-O 10. O-O Nbd7 11. Re1 h6 12. c4 Nh7 13. Be3 b6 14.
b4 a5 15. a3 Bg5 16. Nxg5 hxg5 17. Rc1 axb4 18. axb4 Qe7 19. c5 bxc5 20. Bb5 Ndf6 21.
bxc5 Nxe4 22. Bd3 Nxc5 23. Bxc5 dxc5 24. Bxh7+ Kxh7 25. Qc2+ Kg8 26. Qxc5 Qxc5 27. Rxc5 f6 28. Rxc7 Rad8 29. Rd1 Rd6 30. f3 Rfd8 31. Rc5 Kf7 32. Kf2 R8d7 33. g4 g6 34. Ke3 f5 35.
Rd3 Kf6 36. Rd2 Ke7 37. Rd1 Ra7 38. Rd3 Ra4 39. Rb3 Rd4 40. Rb7+ Kf6 41. Rcc7 f4+ 42.
Ke2 R6xd5 43. Rf7+ Ke6 44. Rbe7+ Kd6 45. Rd7+ Kc5 46.
Rxd5+ Kxd5 47. Rf6 e4 48. Rxg6 exf3+ 49. Kxf3 Rd3+ 50.
Kg2 Rd2+ 51. Kf1 Ke4 52. Rxg5 Kf3 53. Ke1 Rh2 54. Ra5 Rh1+ 55. Kd2 Kf2 56. g5 Rxh3 57.
g6 Rg3 58. Ra6 f3 59. Rb6 Kg2 60. Rf6 f2 61. Ke2 Kg1 62. Rxf2 Rxg6 63. Rf3 Rg2+ 64. Ke3 Kh2 65. Rf8 Rg3+ 66. Kf4 Kg2 67. Re8 Rf3+ 68. Ke4 Rf2 69. Re5 Re2+ 70. Kf5 Rxe5+ 71. Kxe5 1/2-1/2

[Event "Early-Titled-Tuesday-Blitz-April-23-2024"]
[Site "Chess.com"]
[Date "2024.04.23"]
[Round "7"]
[White "Orest_Vovk"]
[Black "Roosters19"]
[Result "1-0"]
[WhiteElo "2535"]
[BlackElo "2330"]
[TimeControl "180+1"]
[EndTime "9:20:18 PDT"]
[Termination "Orest_Vovk won by resignation"]

1. h4 d5 2. h5 h6 3. e4 dxe4 4. Nc3 Nf6 5. Qe2 Bf5 6. Qb5+ Bd7 7. Qxb7 Nc6 8. Bb5 Nd4 9. Bxd7+ Nxd7 10. Qxe4 Nc5 11.
Qe5 e6 12. Kd1 Qd7 13. Nge2 Nc6 14. Qg3 Bd6 15. Qh4 Be7 16. Qg4 O-O-O 17. d3 f5 18. Qc4 Ne5 19. Qb5 c6 20. Qa5 Nexd3 21. cxd3 Nxd3 22.
Kc2 Nxf2 23. Rf1 Ng4 24. Bf4 Qd3+ 25. Kb3 Rd7 26. a3 Rb7+ 27. Ka2 Qc4+ 28. Kb1 Qd3+ 29. Kc1 Ne3 30. Bxe3 Qxe3+ 31. Kc2 Rd8 32. Rad1 Bg5 33. Rxd8+ Bxd8 34. Qa6 Bg5 35. Rd1 Qb6 36. Qxb6 axb6 37. Nd4 e5 38. Nxc6 e4 39. Nd4 Rc7 40. Nxf5 e3 41. Re1 e2 42. Rxe2 Rc5 43. Nd6+ Kc7 44.
Ne4 Rc6 45. Nxg5 hxg5 46. Re7+ Kd6 47. Rxg7 Kc5 48. Rg6 1-0

[Event "Early-Titled-Tuesday-Blitz-April-23-2024"]
[Site "Chess.com"]
[Date "2024.04.23"]
[Round "7"]
[White "Mikhail_Bryakin"]
[Black "SahibSinghKnight"]
[Result "1/2-1/2"]
[WhiteElo "2838"]
[BlackElo "2639"]
[TimeControl "180+1"]
[EndTime "9:20:20 PDT"]
[Termination "Game drawn by repetition"]

1. e4 e6 2. Qe2 Be7 3. Nc3 d5 4. Nf3 Nf6 5. g3 dxe4 6. Ng5 Nc6 7. Ngxe4 Nd4 8. Qd3 Ng4 9. f4 c5 10. Bg2 c4 11. Qxc4 Nxc2+ 12. Ke2 Nxa1 13. d4 Bd7 14. Nc5 b5 15. Qd3 Rc8 16. b4 a5 17. a3 axb4 18. axb4 Bxc5 19. dxc5 Bc6 20. Bxc6+ Rxc6 21. Qf3 Qa8 22. Qxg4 Rxc5 23. Qxg7 Qxh1 24. Qxh8+ Ke7 25. bxc5 Qxc1 26. Qd4 Qc2+ 27. Kf3 Nb3 28. Qd6+ Kf6 29. Ne4+ Kg6 30. Qd8 Kg7 31. Qf6+ Kf8 32. Qd8+ Kg7 33. Qg5+ Kf8 34. Qh6+ Ke7 35. Qh4+ Kf8 36.
Qh6+ Ke7 37. Ng5 Nd4+ 38. Kg4 Qe2+ 39. Kh3 Qf1+ 40. Kg4 Qd1+ 41. Kh3 Qf1+ 42. Kg4 Qe2+ 43. Kh3 Qf1+ 1/2-1/2

[Event "Early-Titled-Tuesday-Blitz-April-23-2024"]
[Site "Chess.com"]
[Date "2024.04.23"]
[Round "7"]
[White "MIss_MIaMI"]
[Black "Zavgorodniy_Sergiy"]
[Result "0-1"]
[WhiteElo "2338"]
[BlackElo "2585"]
[TimeControl "180+1"]
[EndTime "9:20:20 PDT"]
[Termination "Zavgorodniy_Sergiy won by resignation"]

1. e4 e5 2. Nf3 d6 3. d4 exd4 4. c3 Nf6 5. Qxd4 Be7 6. Bd3 O-O 7. O-O Re8 8. Re1 Nc6 9. Qe3 Ng4 10. Qf4 Nce5 11. Bc2 Ng6 12. Qd2 d5 13. Qxd5 Be6 14. Qxd8 Raxd8 15. Nd4 Bc8 16. h3 N4e5 17. f4 Bh4 18.
Rf1 c5 19. Nf5 Nd3 20. Bxd3 Rxd3 21. Nxh4 Nxh4 22. e5 Red8 23. Na3 Rg3 24. Rf2 Rd1+ 25. Kh2 Rgd3 26. Nb5 Bd7 27. Nd6 Bc6 28. b3 Rxc3 29. Bb2 Rxa1 30. Bxa1 Rc1 31. Bb2 Rb1 32. Kg3 Nxg2 33. Ba3 b6 34. Rxg2 Bxg2 35. Kxg2 Ra1 36. Kg3 Rxa2 37. Bc1 Rc2 38. Be3 Rc3 39. Kf3 Rxb3 40.
Nc8 a5 41. Ke4 a4 42. f5 a3 43.
e6 fxe6 44. fxe6 a2 45. Nd6 Rxe3+ 46. Kxe3 a1=Q 47. Ke4 Qd4+ 48. Kf5 Qxd6 0-1

[Event "Early-Titled-Tuesday-Blitz-April-23-2024"]
[Site "Chess.com"]
[Date "2024.04.23"]
[Round "7"]
[White "Oleksandr_Bortnyk"]
[Black "Anton_Demchenko"]
[Result "1-0"]
[WhiteElo "3118"]
[BlackElo "2980"]
[TimeControl "180+1"]
[EndTime "9:20:21 PDT"]
[Termination "Oleksandr_Bortnyk won on time"]

1. e4 e5 2. Nf3 Nc6 3. Bb5 a6 4. Ba4 Nge7 5. d3 d6 6. h4 h6 7.
h5 Bg4 8. Be3 Qd7 9. c4 Ng8 10.
Nc3 Nf6 11. Qb3 Qc8 12. Nd5 Be7 13. Nh4 Bd7 14. Nf5 Bxf5 15. exf5 Bd8 16. g4 O-O 17. Qd1 Nd4 18. Nc3 c6 19. Ne4 b5 20.
Bc2 Nxe4 21. dxe4 bxc4 22. Bxd4 exd4 23. Qxd4 Qb8 24. O-O Bf6 25. Qxc4 Qxb2 26. Rad1 Qe5 27. f4 Qb5 28. Qxb5 axb5 29. Rxd6 Rxa2 30. Rxc6 Bd4+ 31.
Kg2 b4 32. Rb1 Rb8 33. Kf3 Ra3+ 34. Rb3 Rba8 35. e5 Rxb3+ 36. Bxb3 Ra3 37. Ke4 Rxb3 38. Kxd4 Rb1 39. Rc8+ Kh7 40. e6 fxe6 41. fxe6 Re1 42. f5 b3 43. Rb8 Rb1 44. e7 Rd1+ 45. Kc3 1-0

[Event "Early-Titled-Tuesday-Blitz-April-23-2024"]
[Site "Chess.com"]
[Date "2024.04.23"]
[Round "7"]
[White "BurningggIce"]
[Black "Bada_norovsambuu"]
[Result "1-0"]
[WhiteElo "2410"]
[BlackElo "2228"]
[TimeControl "180+1"]
[EndTime "9:20:21 PDT"]
[Termination "BurningggIce won on time"]

1. d4 d5 2. c4 c6 3. Nc3 Nf6 4. e3 e6 5. Nf3 Be7 6. Bd3 O-O 7. e4 dxe4 8. Nxe4 Nxe4 9. Bxe4 Nd7 10. O-O Nf6 11.
Bc2 b6 12. Qd3 c5 13. Bg5 g6 14. Bh6 Re8 15. Rad1 cxd4 16. Nxd4 Bb7 17. Qh3 Qc8 18. Rfe1 Bf8 19. Bg5 Bg7 20. Nb5 Qc6 21. Nd6 Red8 22.
Nxb7 Qxb7 23. Qh4 Rxd1 24. Bxd1 Qe7 25. Bf3 Rc8 26. Rd1 h6 27. Bxh6 Bxh6 28. Qxh6 Rxc4 29. h4 Qf8 30. Qg5 Kg7 31. b3 Rc5 32. Qf4 Qc8 33.
Qd4 e5 34. Qe3 Qf5 35. Rd8 Ng4 36. Qe2 Rc1+ 37. Rd1 Rxd1+ 38. Qxd1 Nf6 39. g3 e4 40. Be2 Qe5 41. Qc1 Nd5 42. Bc4 Nb4 43. a3 Nd3 44.
Qe3 Qa1+ 45. Kh2 Qe1 46. Qd4+ Kh7 47. Kg2 e3 48. Qxd3 Qxf2+ 49. Kh3 Qg1 50. Qf1 1-0

[Event "Early-Titled-Tuesday-Blitz-April-23-2024"]
[Site "Chess.com"]
[Date "2024.04.23"]
[Round "7"]
[White "Zampronha1971"]
[Black "Evan_Attaker"]
[Result "0-1"]
[WhiteElo "2438"]
[BlackElo "2586"]
[TimeControl "180+1"]
[EndTime "9:20:22 PDT"]
[Termination "Evan_Attaker won by resignation"]

1. e4 d6 2. d4 Nf6 3. Nc3 g6 4. Bg5 Bg7 5. Qd2 c6 6. O-O-O Qa5 7. f4 b5 8. e5 b4 9. exf6 bxc3 10. Qxc3 Qxc3 11. bxc3 exf6 12. Bh4 d5 13. Re1+ Kd7 14. Nf3 Ba6 15. Bd3 Bxd3 16. cxd3 Na6 17. f5 Rhe8 18. Bg3 Bf8 19. Kc2 Bd6 20. Bxd6 Kxd6 21. g4 Nc7 22.
Kd2 Rxe1 23. Rxe1 gxf5 24. gxf5 Rg8 25. Rg1 Rxg1 26. Nxg1 Nb5 27. Ne2 Kc7 28. Ke3 Nd6 29. Kf4 Kb6 30. Ng3 Kb5 31. Nh5 Ne8 32. Ke3 Ka4 33. Kd2 Ka3 34. Kc2 Kxa2 35. c4 Ka3 36. Nf4 dxc4 37. dxc4 Nd6 38. c5 Nxf5 39. Kc3 Ne7 40.
Kc4 a5 41. d5 cxd5+ 42. Nxd5 Nc8 43. Nxf6 a4 44. Nd7 Kb2 45. Nb6 a3 46. Nxc8 a2 47.
c6 a1=Q 48. Kc5 Qc1+ 49. Kd6 Qh6+ 50. Kd7 Qh3+ 51. Kd8 Qxh2 52. c7 Kc3 53. Nd6 Qxd6+ 0-1

[Event "Early-Titled-Tuesday-Blitz-April-23-2024"]
[Site "Chess.com"]
[Date "2024.04.23"]
[Round "7"]
[White "Susal_De_Silva"]
[Black "a_kandil"]
[Result "1-0"]
[WhiteElo "2694"]
[BlackElo "2523"]
[TimeControl "180+1"]
[EndTime "9:20:23 PDT"]
[Termination "Susal_De_Silva won on time"]

1. e4 c5 2. Nf3 d6 3. Bb5+ Nd7 4. Ba4 g6 5. O-O Bg7 6. c3 e5 7. d4 Qc7 8. dxe5 dxe5 9. Bb3 Ngf6 10. Nbd2 O-O 11.
Qe2 h6 12. a4 b6 13. Rd1 Bb7 14. Bc2 Rfd8 15. Nc4 Nf8 16. Rxd8 Rxd8 17. Ncxe5 Nxe4 18. Bf4 Ne6 19. Bxh6 Bxh6 20. Bxe4 Nf4 21. Qc2 Bxe4 22. Qxe4 Nd5 23. h4 Bg7 24. Rd1 Nf6 25. Rxd8+ Qxd8 26. Qb7 Qe8 27. Qxa7 Nd5 28. Qd7 Qxd7 29. Nxd7 f5 30. Nd2 Kf7 31. Nc4 Ke6 32. Ndxb6 Nxb6 33. Nxb6 Kd6 34.
Nc4+ Kd5 35. Nd2 Bh6 36. Nf3 Bc1 37. b3 Bb2 38. c4+ Ke4 39. a5 1-0

[Event "Early-Titled-Tuesday-Blitz-April-23-2024"]
[Site "Chess.com"]
[Date "2024.04.23"]
[Round "7"]
[White "levallem"]
[Black "Ramla2020"]
[Result "1-0"]
[WhiteElo "2330"]
[BlackElo "2488"]
[TimeControl "180+1"]
[EndTime "9:20:23 PDT"]
[Termination "levallem won by checkmate"]

1. d4 Nf6 2. Nf3 d5 3. e3 c5 4.
Bd3 Nc6 5. O-O Bg4 6. c3 cxd4 7.
cxd4 e6 8. Nc3 Bd6 9. h3 Bh5 10.
a3 a6 11. Bd2 b5 12. Rc1 Rc8 13. Ne2 O-O 14. Nf4 Bxf4 15. exf4 Bxf3 16. Qxf3 Nxd4 17. Qd1 Nc6 18. g4 Qd7 19. a4 Rb8 20. g5 Ne4 21. Bxe4 dxe4 22. axb5 Rxb5 23. Qc2 Nd4 24. Qxe4 Rxb2 25. Rfd1 Qd5 26. Qxd5 exd5 27. Kf1 Nb3 28.
Bc3 Ra2 29. Rb1 Nc5 30. Bb4 Ne4 31. Bxf8 Kxf8 32. Rb8+ Ke7 33. Rxd5 Rxf2+ 34. Kg1 Re2 35. Re5+ Kd6 36. Rbe8 Re1+ 37. Kg2 Re2+ 38. Kf3 Rh2 39.
Rxe4 Rxh3+ 40. Kg4 Rc3 41. Rd4+ Kc5 42. Rd7 Ra3 43.
Rc8+ Kb6 44. Rxf7 g6 45. Rxh7 Ra1 46. Rh6 Kb5 47. Rxg6 a5 48. Rb8+ Ka4 49. Ra6 Rg1+ 50. Kf5 Rg2 51. g6 Rg3 52. Kf6 Rg4 53. f5 Rxg6+ 54.
Kxg6 Ka3 55. Rxa5# 1-0

[Event "Early-Titled-Tuesday-Blitz-April-23-2024"]
[Site "Chess.com"]
[Date "2024.04.23"]
[Round "7"]
[White "Vse_po_kaify"]
[Black "dontcatchmeifyoucant"]
[Result "1-0"]
[WhiteElo "2561"]
[BlackElo "2362"]
[TimeControl "180+1"]
[EndTime "9:20:26 PDT"]
[Termination "Vse_po_kaify won by resignation"]

1. e4 c5 2. Nf3 e6 3. c4 Nc6 4. Nc3 Nf6 5. a3 Be7 6. d4 cxd4 7. Nxd4 O-O 8. Be3 d5 9. cxd5 exd5 10. Nxc6 bxc6 11.
exd5 Nxd5 12. Nxd5 Qxd5 13. Qxd5 cxd5 14. Bd3 Bf6 15. Rb1 d4 16. Bf4 Re8+ 17. Kd2 Bb7 18. Rhg1 h5 19. Rbe1 g5 20. Rxe8+ Rxe8 21. Bd6 Kg7 22.
g3 Re6 23. Bc5 a6 24. Re1 Rxe1 25. Kxe1 h4 26. Kd2 Be5 27. Bc4 f5 28. b4 h3 29.
Kd3 Be4+ 30. Ke2 f4 31. gxf4 d3+ 32. Ke3 d2 33. Be2 Bxf4+ 34. Kxe4 Bxh2 35. Be3 Bf4 36. Bxf4 gxf4 37. Kf3 Kf6 38. a4 Ke5 39. a5 Kd6 40.
Bd1 Kc7 41. Be2 Kd6 42. Bd1 Kc7 43. Bc2 Kd6 44. Bb3 Kc6 45. Bc2 Kc7 46. Ke2 f3+ 47. Kxf3 h2 48. Kg2 1-0

[Event "Early-Titled-Tuesday-Blitz-April-23-2024"]
[Site "Chess.com"]
[Date "2024.04.23"]
[Round "7"]
[White "viviania"]
[Black "Storne89"]
[Result "1-0"]
[WhiteElo "2911"]
[BlackElo "2745"]
[TimeControl "180+1"]
[EndTime "9:20:27 PDT"]
[Termination "viviania won on time"]

1. e4 e5 2. Nf3 Nc6 3. d4 exd4 4. c3 Nf6 5. e5 Nd5 6. cxd4 Bb4+ 7. Bd2 Bxd2+ 8. Qxd2 d6 9. Nc3 Nxc3 10. Qxc3 dxe5 11. dxe5 O-O 12. Bb5 Ne7 13. O-O Nd5 14. Qd2 h6 15.
Rad1 c6 16. Bc4 Qb6 17. Bxd5 cxd5 18. Nd4 Bg4 19. f3 Bf5 20. Rfe1 Rac8 21. Re3 Bg6 22.
e6 Rfe8 23. Rde1 Qc5 24. h4 fxe6 25. Rxe6 Rxe6 26. Rxe6 Qc1+ 27. Qxc1 Rxc1+ 28. Kf2 Rd1 29. Ke3 Rd3+ 30. Ke2 Rxd4 31. Rxg6 Rxh4 32. Rd6 Rb4 33.
b3 Rb5 34. Kd3 a5 35. Kd4 Rb4+ 36. Kxd5 a4 37. Kc5 Rh4 38. b4 Rh2 39. Rd2 h5 40. Kb6 h4 41. Kxb7 Kh7 42. Rd4 Kg6 43. b5 Rxg2 44. Rxh4 Rxa2 45. b6 Kf7 46. Ka7 a3 47.
Ra4 Ke6 48. b7 Rb2 49. Rxa3 1-0

[Event "Early-Titled-Tuesday-Blitz-April-23-2024"]
[Site "Chess.com"]
[Date "2024.04.23"]
[Round "7"]
[White "LamaChampetre"]
[Black "patzer-reloaded"]
[Result "0-1"]
[WhiteElo "2244"]
[BlackElo "2436"]
[TimeControl "180+1"]
[EndTime "9:20:27 PDT"]
[Termination "patzer-reloaded won on time"]

1. d4 Nf6 2. c4 e6 3. Nf3 d5 4.
Nc3 Bb4 5. Qa4+ Nc6 6. Bg5 h6 7. Bh4 g5 8. Bg3 Ne4 9. Rc1 O-O 10. e3 h5 11. h3 Nxg3 12. fxg3 Bd6 13. Kf2 h4 14. gxh4 gxh4 15. Bd3 Bg3+ 16. Ke2 Bd7 17. Qd1 Nb4 18. a3 Nxd3 19. Qxd3 c6 20. Kd2 f5 21. Rhf1 Qf6 22. Ne2 Bd6 23. Kc2 Rf7 24. Kb1 Rg7 25. Rf2 Kh8 26. Nf4 Qh6 27. Re1 Rag8 28. Qd2 Be8 29. Ne5 Bh5 30. Ned3 Bf7 31. c5 Bc7 32. Qe2 Rg3 33. Rf3 R3g5 34. Rf2 Bh5 35. Qd2 Bf7 36. Qe2 Kh7 37. Qd2 Rg3 38. Qb4 R8g7 39. Qxb7 Bxf4 40. Nxf4 e5 41. dxe5 d4 42.
exd4 Ba2+ 43. Kxa2 Rxb7 44. e6 Re7 45. Rfe2 Qf6 46. Re5 Qg5 47. Nd3 Rxd3 0-1

[Event "Early-Titled-Tuesday-Blitz-April-23-2024"]
[Site "Chess.com"]
[Date "2024.04.23"]
[Round "7"]
[White "The_Sherman_Variation"]
[Black "emeli_chess"]
[Result "1-0"]
[WhiteElo "2742"]
[BlackElo "2484"]
[TimeControl "180+1"]
[EndTime "9:20:28 PDT"]
[Termination "The_Sherman_Variation won by resignation"]

1. e4 e5 2. d4 exd4 3. Qxd4 Nc6 4. Qe3 Nf6 5. Bd2 Be7 6. Nc3 O-O 7. O-O-O Re8 8. f4 Bb4 9. Bd3 d5 10. e5 d4 11. Qg3 dxc3 12. Bxc3 Bxc3 13. Bxh7+ Nxh7 14.
Rxd8 Bxb2+ 15. Kxb2 Rxd8 16. Nf3 Bf5 17. Qf2 Rd5 18.
Qe2 Rad8 19. h3 Nd4 20. Nxd4 Rxd4 21. Qe3 Rb4+ 22. Ka1 b6 23. g4 Bxc2 24. Qc3 Be4 25. Qxb4 Bxh1 26. Qe7 Rd1+ 27. Kb2 c6 28. f5 Bd5 29. e6 fxe6 30. fxe6 Re1 31. Qd8+ Nf8 32. e7 Rxe7 33. Qxe7 b5 34. Qxa7 Ne6 35. Qe3 g5 36. a3 Kf7 37. Qe5 Kg6 38. Qf5+ Kg7 39. h4 gxh4 40. g5 h3 41. Qf6+ Kg8 42. g6 Ng7 43. Qd8+ Ne8 44. Qxe8+ Kg7 45. Qd7+ Kxg6 46.
Qxh3 Kf6 47. Qd7 Ke5 48. Kc3 Ke4 49. Kb4 Kd4 50. Qd6 Kd3 51. Qc5 Ke4 52. Qf2 Kd3 53. Kc5 Kc3 54. Qe3+ Kb2 55. Kb4 Kc2 56. Qe2+ Kc1 57.
Kc3 1-0

[Event "Early-Titled-Tuesday-Blitz-April-23-2024"]
[Site "Chess.com"]
[Date "2024.04.23"]
[Round "7"]
[White "BozeKat"]
[Black "Tol_Tol"]
[Result "1-0"]
[WhiteElo "2122"]
[BlackElo "2364"]
[TimeControl "180+1"]
[EndTime "9:20:28 PDT"]
[Termination "BozeKat won by checkmate"]

1. d4 Nf6 2. c4 g6 3. Nf3 Bg7 4. e3 O-O 5. Be2 d6 6. O-O Nbd7 7. Nc3 e5 8. b4 e4 9. Nd2 Re8 10. Qc2 Qe7 11. a4 c6 12. Ba3 Nf8 13. b5 c5 14.
dxc5 dxc5 15. a5 Bf5 16. Nb3 b6 17. Rfd1 Qe5 18. Bb2 Ng4 19. Bxg4 Bxg4 20. Rd5 Qe7 21.
h3 Be6 22. a6 Bxd5 23. Nxd5 Qd6 24. Rd1 Rad8 25. Nf6+ Bxf6 26. Rxd6 Rxd6 27. Bxf6 Rxf6 28.
Qd2 Rfe6 29. Nc1 R6e7 30. Ne2 Rd7 31. Qc2 f5 32. Nc3 Ne6 33. Nd5 Nc7 34. Nf6+ Kf7 35. Nxd7 Rd8 36. Ne5+ Ke6 37. Nc6 Rd3 38. Nxa7 f4 39. exf4 Kf5 40. g3 Ne6 41. Nc6 Ra3 42. a7 Nd4 43. Qb2 Nxc6 44. Qxa3 Nd4 45. a8=Q Nf3+ 46.
Kh1 Ne1 47. Qf8+ Ke6 48. Qe3 Kd7 49. Qxe4 Nd3 50. Qee7# 1-0

[Event "Early-Titled-Tuesday-Blitz-April-23-2024"]
[Site "Chess.com"]
[Date "2024.04.23"]
[Round "7"]
[White "Alexei_Gubajdullin"]
[Black "duone"]
[Result "0-1"]
[WhiteElo "2598"]
[BlackElo "2451"]
[TimeControl "180+1"]
[EndTime "9:20:30 PDT"]
[Termination "duone won by checkmate"]

1. Nf3 Nf6 2. g3 g6 3. Bg2 Bg7 4. O-O O-O 5. d3 d5 6. Nbd2 b6 7. e4 dxe4 8. Re1 exf3 9. Qxf3 c6 10. Nc4 Bb7 11. Bf4 Nbd7 12. a4 Nd5 13. Bg5 f6 14. Bd2 e5 15. a5 Qc7 16. a6 Bc8 17. b4 Kh8 18. b5 Nc5 19. bxc6 Be6 20. d4 exd4 21.
Rxe6 Nxe6 22. Qxd5 Rfe8 23. Qd7 Rad8 24. Qxc7 Nxc7 25. Bf4 Ne6 26. c7 Rc8 27. Bb7 Nxf4 28.
Bxc8 Ne2+ 29. Kf1 Nxg3+ 30. hxg3 Rxc8 31. Re1 Bf8 32. Nxb6 Rxc7 33. Nd5 Rc6 34. Ra1 Kg7 35. Ra4 Rxc2 36. Nf4 Rc6 37. Ke2 Kf7 38. Kd3 Bc5 39.
Rc4 Ke7 40. Nd5+ Ke6 41. Nf4+ Kd6 42. Ke4 Rxa6 43. Nd3 Rc6 44. g4 Bb6 45. Ra4 a5 46. f4 Rc2 47. Kf3 Kd5 48. f5 g5 49. Ra1 Rc3 50. Ke2 Ke4 51. Nf2+ Kd5 52. Rb1 Bc5 53. Rb7 a4 54. Rxh7 a3 55. Ra7 Rc2+ 56. Ke1 Bxa7 57. Nd3 Kc4 58. Nf2 a2 59. Kf1 a1=Q+ 60. Kg2 Qb2 61.
Kf3 Rxf2+ 62. Ke4 Qe2# 0-1

[Event "Early-Titled-Tuesday-Blitz-April-23-2024"]
[Site "Chess.com"]
[Date "2024.04.23"]
[Round "7"]
[White "Rodalquilar"]
[Black "czechbul17"]
[Result "1-0"]
[WhiteElo "2733"]
[BlackElo "2082"]
[TimeControl "180+1"]
[EndTime "9:20:32 PDT"]
[Termination "Rodalquilar won on time"]

1. d4 d6 2. e4 Nf6 3. Nc3 Nbd7 4. g4 h6 5. h3 e5 6. f4 exd4 7. Qxd4 c6 8. Nf3 d5 9. e5 Bc5 10. Qd3 Ng8 11. Be3 Qb6 12. Bxc5 Nxc5 13. Qd4 Qxb2 14. Rb1 Qa3 15. f5 Ne7 16. Bg2 Bxf5 17. gxf5 Nxf5 18.
Qb4 Qxb4 19. Rxb4 Ne3 20. Kf2 Nxc2 21. Rg4 Ne6 22. Rc1 Na3 23. Rb4 b5 24. Nd2 Nc5 25.
Ke2 a5 26. Rg4 Nc4 27. Nxc4 bxc4 28. Rxg7 Nd3 29. Rb1 Nxe5 30. Rb7 Kf8 31. Rg3 Re8 32. Kd2 Rg8 33. Rxg8+ Kxg8 34. Rc7 Re6 35. Ne2 Rg6 36.
Bh1 Nd3 37. Nd4 Rg1 38. Bf3 Rf1 39. Be2 Ra1 40. Bxd3 cxd3 41. Kxd3 Rxa2 42. h4 Rh2 43. Nf5 Rh3+ 44. Kd4 a4 45. Ke5 a3 46. Kf6 Kh7 47.
Rxf7+ Kh8 48. Kg6 Kg8 49. Ne7+ 1-0

[Event "Early-Titled-Tuesday-Blitz-April-23-2024"]
[Site "Chess.com"]
[Date "2024.04.23"]
[Round "7"]
[White "kids2010"]
[Black "DominguezOnYoutube"]
[Result "0-1"]
[WhiteElo "2789"]
[BlackElo "2952"]
[TimeControl "180+1"]
[EndTime "9:20:33 PDT"]
[Termination "DominguezOnYoutube won by resignation"]

1. e4 c5 2. Nc3 d6 3. d4 cxd4 4. Qxd4 Nc6 5. Qd2 g6 6. b3 Bh6 7. f4 Nf6 8. Bb2 O-O 9. O-O-O e5 10. g3 Re8 11. Bg2 Bg4 12. Nge2 exf4 13. gxf4 Bxe2 14. Nxe2 Nxe4 15. Bxe4 Rxe4 16. Kb1 Qa5 17. Qxa5 Nxa5 18. Nc3 Rxf4 19. Nd5 Rf3 20. Nf6+ Kh8 21. Rxd6 Bg7 22.
Rhd1 Nc6 23. b4 Rf5 24. a4 Rf8 25. b5 Ne5 26. Bxe5 Rxe5 27. Nd7 Re4 28. Nxf8 Bxf8 29.
R6d4 Re2 30. Rd7 Rf2 31. Rxb7 Bc5 32. a5 Rf4 33. b6 Rb4+ 34. Kc1 Be3+ 35. Rd2 axb6 36.
a6 Kg7 37. a7 Ra4 38. Kd1 Bxd2 39. Kxd2 g5 40. c4 g4 41. Kc3 h5 42. Kb3 Ra5 43. Kb4 Ra1 44. Kb5 h4 45. Kxb6 g3 46. hxg3 hxg3 47. Rd7 g2 48. Rd1 Rxd1 49. a8=Q g1=Q+ 50. c5 Rb1+ 51. Kc6 Qg2+ 0-1

[Event "Early-Titled-Tuesday-Blitz-April-23-2024"]
[Site "Chess.com"]
[Date "2024.04.23"]
[Round "7"]
[White "HajiyevKanan"]
[Black "kuchma777"]
[Result "1-0"]
[WhiteElo "2622"]
[BlackElo "2475"]
[TimeControl "180+1"]
[EndTime "9:20:33 PDT"]
[Termination "HajiyevKanan won on time"]

1. d4 Nf6 2. Nf3 e6 3. c4 d5 4.
Nc3 Bb4 5. Qa4+ Nc6 6. e3 O-O 7.
Bd3 Bd7 8. Qb3 Ne4 9. O-O Bxc3 10. bxc3 Na5 11. Qc2 f5 12. cxd5 exd5 13. Ne5 Nc6 14.
Nxc6 Bxc6 15. Ba3 Rf6 16. f3 Nd6 17. Bxd6 Qxd6 18. Bxf5 Rh6 19. h3 Rf8 20. e4 Qg3 21. Qf2 Qf4 22. Rae1 Rhf6 23. g3 Qh6 24. Qe3 Qh5 25. Bg4 Qg6 26. e5 R6f7 27. e6 Re7 28.
f4 h5 29. f5 Qh7 30. Qg5 hxg4 31. Qxe7 Qxh3 32. Qh4 Bb5 33. Qxh3 gxh3 34. Rf4 Bd3 35. g4 Re8 36. Kh2 Be4 37. Kxh3 Kf8 38. g5 Ke7 39.
Kg4 Rh8 40. c4 c6 41. cxd5 Bxd5 42. f6+ gxf6 43. gxf6+ Kd6 44. e7 Bf7 45. Rf5 Kd7 46. Rg5 Rh6 47. Rf5 Rh8 48. Kg5 Rg8+ 49. Kh6 Rg7 50.
Kxg7 1-0